 Dungeon Crawl Stone Soup version 0.30.1-3-gfc49f6343a (webtiles) character file.

Game seed: 15493203855214744140

158 javelincjr the Caller (level 5, 0/31 HPs)
             Began as an Octopode Summoner on Aug 8, 2023.
             Slain by a gnoll
             ... wielding a +0 flail
              (12 damage)
             ... on level 3 of the Dungeon.
             The game lasted 00:11:42 (3253 turns).

javelincjr the Caller (Octopode Summoner)           Turns: 3253, Time: 00:11:42

Health: 0/31       AC:  1    Str:  7    XL:     5   Next: 40%
Magic:  3/9        EV: 14    Int: 19    God:
Gold:   171        SH:  0    Dex: 13    Spells: 4/10 levels left

rFire   . . .        e - +0 dagger (venom)
rCold   . . .        (no shield)
rNeg    . . .        (helmet restricted)
rPois   .            (no amulet)
rElec   .            (no ring)
rCorr   .            (no ring)
SInv    .            (no ring)
Will    .....        (no ring)
Stlth   ++++         (no ring)
HPRegen 0.25/turn    (no ring)
MPRegen 0.11/turn    (no ring)
                     (no ring)

%: no passive effects
@: very slightly contaminated
A: almost no armour, amphibious, 8 rings, camouflage 1, gelatinous body 1,
(nimble swimmer 1), tentacles
a: no special abilities


You were on level 3 of the Dungeon.
You visited 1 branch of the dungeon, and saw 3 of its levels.

You collected 171 gold pieces.

Inventory:

Hand Weapons
 d - a +0 dagger
 e - a +0 dagger of venom (weapon)
 s - a +0 trident
Jewellery
 q - a +6 ring of intelligence
Scrolls
 h - 3 scrolls of identify {unknown}
 i - 3 scrolls of vulnerability {unknown}
 j - 2 scrolls of blinking {unknown}
 m - a scroll of teleportation {unknown}
 o - a scroll of fog {unknown}
 r - a scroll of fear {unknown}
 t - a scroll of noise {unknown}
 u - 2 scrolls of enchant weapon {unknown}
 v - a scroll of immolation {unknown}
Potions
 a - a potion of magic
 b - 2 potions of mutation {unknown}
 c - a potion of lignification {unknown}
 f - 2 potions of brilliance {unknown}
 g - a potion of flight {unknown}
 k - a potion of ambrosia {unknown}
 l - 2 potions of curing {unknown}
 n - a potion of invisibility {unknown}
 p - a potion of heal wounds {unknown}


   Skills:
 + Level 0.1 Fighting
 + Level 3.1 Dodging
 + Level 4.4 Stealth
 + Level 3.0 Spellcasting
 + Level 4.7 Summonings


You had 4 spell levels left.
You knew the following spells:

 Your Spells              Type           Power      Damage    Failure   Level
a - Summon Small Mammal   Summ           80%        N/A       2%          1
b - Call Imp              Summ           40%        N/A       3%          2
c - Call Canine Familiar  Summ           20%        N/A       6%          3

Your spell library contained the following spells:

 Spells                   Type           Power      Damage    Failure   Level
 Summon Guardian Golem    Hex/Summ       11%        N/A       17%         3
 Tukima's Dance           Hex            2%         N/A       41%         3
 Summon Lightning Spire   Summ/Air       11%        N/A       50%         4
 Passage of Golubria      Tloc           2%         N/A       83%         4
 Yara's Violent Unravell  Hex/Tmut       1%         3d3       99%         5


Dungeon Overview and Level Annotations

Branches:
Dungeon (3/15)

Altars:
Elyvilon
Hepliaklqana


Innate Abilities, Weirdness & Mutations

You cannot wear most types of armour.
You are amphibious.
You can wear up to eight rings at the same time.
Your skin changes colour to match your surroundings (Stealth+).
Your rubbery body absorbs attacks. (AC +1, EV +1)
((You are camouflaged when in or above water. (Stealth+)))
You have tentacles for arms and can constrict up to eight enemies at once.


Message History

Your hound bites the gnoll but does no damage.
The gnoll barely misses your hound.
Your hound barely misses the gnoll.
Your hound bites the gnoll.
The gnoll closely misses your hound.
Your hound bites the gnoll.
Your cerulean imp hits the gnoll but does no damage.
The gnoll hits your cerulean imp but does no damage.
Your hound bites the gnoll.
Your cerulean imp closely misses the gnoll.
Your hound barely misses the gnoll.
The gnoll hits your cerulean imp from afar with a +0 halberd!
Your cerulean imp dies!
Your cerulean imp disappears in a puff of smoke!
A gnoll comes into view. It is wielding a +0 spear.
Your hound closely misses the gnoll.
The gnoll completely misses your hound.
Your hound bites the gnoll.
The gnoll dies!
Your Spellcasting skill increases to level 3!
Casting: Call Imp (safe; 3% risk of failure)
Confirm with . or Enter, or press ? or * to list all spells.
You miscast Call Imp.
You are very lightly contaminated with residual magic.
Nothing appears to happen.
A gnoll comes into view. It is wielding a +0 flail.
The worm misses your hound.
Your hound bites the worm.
You swap places.
Found a book of Touch.
The gnoll closely misses you.
You hit the worm. You grab the worm.
The worm is heavily wounded.
You constrict the worm. The worm bites you.
The gnoll hits you from afar with a +0 spear!
You hit the worm.
The worm is poisoned.
You squeeze the worm.
The worm is severely wounded.
You constrict the worm. The gnoll completely misses you.
The worm completely misses you.
You hit the worm but do no damage.
The worm looks as sick as possible!
The worm is almost dead.
You constrict the worm.
You kill the worm!
The gnoll hits you from afar with a +0 spear!
The gnoll hits you with a +0 flail!
You die...

.. . ... ##... ... ..#.#
.##.# #.#.# :....<#.#.#
#...#.#)#####
#g..g.?.... .###.#@#.#
......h...# ##...##...#
..........#
#########'##############
..........#..†..).....
.####........#########
#.....#......#
#.....##...#.##


You could see 2 gnolls and a friendly hound (summoned).

Vanquished Creatures
  A white imp (D:3)
  2 worms
  A dart slug (D:2)
  3 ball pythons
  A bat (D:2)
  4 endoplasms (D:1)
  2 giant cockroaches
  6 hobgoblins
  3 jackals (D:2)
  2 kobolds
  2 frilled lizards
  6 goblins
  2 rats (D:2)
35 creatures vanquished.

Vanquished Creatures (collateral kills)
  5 gnolls
  4 adders
  A worm (D:2)
  2 endoplasms
  3 giant cockroaches
  3 goblins
  A hobgoblin (D:3)
  2 quokkas (D:1)
  4 kobolds
  3 rats
28 creatures vanquished.

Grand Total: 63 creatures vanquished

Notes
Turn   | Place    | Note
-------+----------+-------------------------------------------
     0 | D:1      | javelincjr the Octopode Summoner began the quest for the
                  | Orb.
     0 | D:1      | Reached XP level 1. HP: 11/11 MP: 3/3
   214 | D:1      | Reached XP level 2. HP: 16/17 MP: 1/5
   388 | D:1      | Learned a level 2 spell: Call Imp
   679 | D:1      | Reached XP level 3. HP: 21/21 MP: 6/6
   932 | D:2      | Reached XP level 4. HP: 17/27 MP: 1/7
  1080 | D:2      | Found a hazy altar of Hepliaklqana.
  1085 | D:2      | Learned a level 3 spell: Call Canine Familiar
  2614 | D:3      | Reached XP level 5. HP: 31/31 MP: 9/9
  2783 | D:3      | Found a white marble altar of Elyvilon.
  3253 | D:3      | Slain by a gnoll

Illustrated notes

Levels and vault maps discovered:
D:1:      dpeg_arrival_simpleton_a, layout_basic, corexii_hall_statues_s,
          st_stairs_6
D:2:      layout_basic, basic_altar
D:3:      layout_basic, mainiacjoe_overflow_alcove_1

Skill      XL: |  1  2  3  4  5 |
---------------+----------------+-----
Stealth        | 3 4 |  4.4
Dodging        | 3 |  3.1
Spellcasting   | 3 |  3.0
Fighting       | |  0.1
Summonings     | |  4.7

Action                     |  1- 3 |  4- 6 || total
---------------------------+-------+-------++-------
  Melee: Dagger            |    26 |    41 ||    67
         Constrict         |    10 |    11 ||    21
         Tentacles         |     5 |     7 ||    12
         Punch             |       |     3 ||     3
   Cast: Summon Small Mamm |    23 |     8 ||    31
         Call Imp          |     3 |    11 ||    14
         Call Canine Famil |       |     7 ||     7
   Stab: Sleeping          |     4 |     6 ||    10
 Armour: Skin              |     2 |       ||     2
  Dodge: Dodged            |    14 |    23 ||    37
